 Seeded DCSS version 0.30.1-11-g7821555f0a (webtiles) character file.

Game seed: 5 (custom seed)

20984 Kazon the Carver (level 12, -9/71 HPs)
             Began as a Vampire Fighter on Dec 6, 2023.
             Was a High Priest of Makhleb.
             Mangled by a death yak (10 damage)
             ... on level 2 of the Lair of Beasts.
             The game lasted 00:59:44 (8825 turns).

Kazon the Carver (Vampire Fighter)                  Turns: 8825, Time: 00:59:45

Health: -9/71      AC: 10    Str: 15    XL:     12   Next: 50%
Magic:  0/26       EV: 11    Int: 11    God:    Makhleb [*****.]
Gold:   687        SH: 15    Dex: 24    Spells: 11/11 levels left

rFire   . . .        v - +0 war axe (vamp)
rCold   + + .        c - +0 tower shield
rNeg    + + +        Q - +0 steam dragon scales
rPois   ∞            h - +1 helmet
rElec   .            U - +0 cloak
rCorr   .            N - +0 pair of gloves
SInv    +            (no boots)
Will    +....        E - amulet of guardian spirit
Stlth   +++++        p - ring of magical power
HPRegen 0.00/turn    C - +6 ring of dexterity
MPRegen 0.20/turn

%: guardian spirit
@: attractive, flying, bloodless, inhibited regen
A: bloodless, fangs 3, see invisible, vampiric 2
a: Bat Form, Revivify, Renounce Religion, Minor Destruction, Lesser Servant of
Makhleb, Major Destruction, Greater Servant of Makhleb


You were on level 2 of the Lair of Beasts.
You worshipped Makhleb.
Makhleb was extremely pleased with you.
You visited 3 branches of the dungeon, and saw 13 of its levels.
You also visited: Ossuary.

You collected 858 gold pieces.
You spent 171 gold pieces at shops.

Inventory:

Hand Weapons
 e - a +2 vampiric dagger
 f - a +1 hand axe of flaming
 q - a +1 demon whip of venom
 v - a +0 vampiric war axe (weapon)
Missiles
 b - 2 throwing nets
 l - 8 boomerangs
 n - 6 poisoned darts
 X - a javelin (quivered)
 Y - 4 silver boomerangs
Armour
 c - a +0 tower shield (worn)
 h - a +1 helmet (worn)
 N - a +0 pair of gloves (worn)
 Q - +0 steam dragon scales (worn)
 U - a +0 cloak (worn)
Jewellery
 j - a +4 ring of protection
 p - a ring of magical power (left hand)
 C - a +6 ring of dexterity (right hand)
 E - an amulet of guardian spirit (around neck)
Wands
 z - a wand of paralysis (13)
 O - a wand of light (9)
 R - a wand of digging (7)
 T - a wand of polymorph (3)
 W - a wand of flame (7)
Scrolls
 i - a scroll of identify
 m - 2 scrolls of vulnerability {unknown}
 o - 3 scrolls of blinking {unknown}
 s - 2 scrolls of summoning {unknown}
 t - 4 scrolls of teleportation {unknown}
 y - 3 scrolls of fog {unknown}
 G - a scroll of poison
 I - 3 scrolls of enchant armour {unknown}
 L - 2 scrolls of fear {unknown}
 Z - 2 scrolls of magic mapping {unknown}
Potions
 a - a potion of ambrosia {unknown}
 d - a potion of might
 g - a potion of resistance
 k - 9 potions of curing {unknown}
 u - 4 potions of flight
 w - 3 potions of invisibility {unknown}
 B - 6 potions of heal wounds
 D - a potion of lignification
 F - 4 potions of attraction
 H - 2 potions of berserk rage {unknown}
 J - a potion of haste {unknown}
 K - 3 potions of brilliance {unknown}
 P - a potion of cancellation


   Skills:
 + Level 6.4 Fighting
 + Level 2.4(8.1) Short Blades
 + Level 11.1(11.2) Long Blades
 + Level 5.5 Axes
 + Level 5.8 Throwing
 + Level 4.4 Armour
 + Level 4.7 Dodging
 + Level 5.0 Stealth
 + Level 3.3 Shields
 * Level 7.9 Invocations
 * Level 7.1 Evocations


You had 11 spell levels left.
You didn't know any spells.
Your spell library contained the following spells:

 Spells                   Type           Power      Damage    Failure   Level
 Frozen Ramparts          Ice            0%         1d1       100%        3
 Ignite Poison            Fire/Tmut/Pois 0%         N/A       100%        3
 Ice Form                 Ice/Tmut       0%         N/A       100%        4
 Leda's Liquefaction      Hex/Erth       0%         N/A       100%        4
 Sticky Flame             Conj/Fire      0%         2d3       100%        4
 Summon Ice Beast         Ice/Summ       0%         N/A       100%        4
 Alistair's Intoxication  Tmut/Pois      0%         N/A       100%        5
 Borgnjor's Vile Clutch   Necr/Erth      0%         N/A       100%        5
 Lee's Rapid Deconstruct  Erth           0%         3d4*      100%        5
 Summon Forest            Summ/Tloc      0%         N/A       100%        5
 Eringya's Noxious Bog    Tmut/Pois      0%         N/A       100%        6
 Statue Form              Tmut/Erth      0%         N/A       100%        6
 Summon Hydra             Summ           0%         N/A       100%        7
 Ignition                 Fire           0%         3d3       100%        8


Dungeon Overview and Level Annotations

Branches:
Dungeon (10/15)            Temple (1/1) D:4            Lair (2/5) D:8
Ossuary (visited)
  Swamp: Lair:2-3    Shoals: Lair:2-3     Snake: Lair:2-3    Spider: Lair:2-3
    Orc: D:9-12

Altars:
Dithmenos
Fedhas
Gozag
Hepliaklqana
Makhleb
Qazlal
Sif Muna
Wu Jian
Xom

Shops:
D:8 *


Innate Abilities, Weirdness & Mutations

You do not regenerate when monsters are visible.
You are frail without blood (-20% HP).
You can heal yourself when you bite living creatures.
You are immune to poison.
You have razor-sharp teeth.
You have supernaturally acute eyesight. (SInv)
You are afflicted with vampirism and can become a bat while bloodless.


Message History

The death yak is lightly wounded.
The death yak barely misses you. The death yak closely misses you.
You barely miss the death yak. Your bite misses the death yak.
The death yak is lightly wounded.
The death yak closely misses you. The death yak gores you.
You hit the death yak.
You feel better.
The death yak is lightly wounded.
You block the death yak's attack.
You hit the death yak but do no damage.
You bite the death yak, but do no damage.
The death yak is lightly wounded.
The death yak barely misses you. You block the death yak's attack.
You hit the death yak.
You feel better.
The death yak is lightly wounded.
The death yak gores you!
* * * LOW HITPOINT WARNING * * *
You hit the death yak.
You feel better.
The death yak is lightly wounded.
You block the death yak's attack. x2
You slash the death yak!
You bite the death yak, but do no damage.
The death yak is moderately wounded.
You block the death yak's attack. The death yak barely misses you.
You hit the death yak.
You bite the death yak, but do no damage.
The death yak is moderately wounded.
You block the death yak's attack.
You hit the death yak.
The death yak is moderately wounded.
The death yak gores you!!
* * * LOW HITPOINT WARNING * * *
You block the death yak's attack.
It was a potion of attraction.
You feel attractive to monsters. The death yak gores you.
* * * LOW HITPOINT WARNING * * *
It was a potion of flight.
You feel very buoyant.
You fly up into the air.
The death yak gores you!
You die...

....#P##
............#
....###
.#....#......#
....##
#.......P#..P#
†~~....
(.##.#.......#
~≈~....
...~~#......P#
≈≈≈.....
..#(~#.......#
~~~.##..
..#P........##
....#
......Y#.#.##
##.##
###.#@#### #
## #####


You could see a death yak.

Vanquished Creatures
  A hydra (Lair:2)
  2 two-headed ogres
  A death yak (Lair:2)
  Amaemon (Lair:2)
  5 cane toads
  An orange demon (Lair:2)
  An unseen horror (D:10)
  4 komodo dragons
  2 polar bears (D:8)
  2 hornets
  4 blink frogs (Lair:1)
  2 shadows
  3 vampires
  Sigmund (D:4)
  3 wyverns
  13 yaks
  3 basilisks
  3 steam dragons
  A vampire mosquito (D:10)
  Duvessa (D:6)
  8 water moccasins
  An ice beast (D:8)
  An orc warrior (D:9)
  A sky beast (D:7)
  5 black bears
  24 wolves
  5 centaurs
  2 ogres
  An elf zombie (Ossuary)
  2 kobold brigands
  6 bullfrogs
  A gnoll sergeant (D:8)
  3 scorpions
  23 wights
  6 killer bees
  Dowan (D:6)
  4 howler monkeys
  A vampire bat (D:7)
  2 electric eels
  6 hounds
  A wyvern simulacrum (D:8)
  A centaur zombie (Ossuary)
  5 orc priests
  3 human zombies (Ossuary)
  A jelly (D:5)
  6 iguanas
  11 orc wizards
  4 ogre zombies (Ossuary)
  A centaur simulacrum (D:8)
  7 mummies (Ossuary)
  11 gnolls
  9 adders
  A shadow imp (D:8)
  A white imp (D:7)
  2 ufetubi
  A worm zombie (D:7)
  2 adder zombies (Ossuary)
  3 worms
  27 orcs
  12 bats
  9 endoplasms
  A giant cockroach (D:1)
  12 goblins
  7 hobgoblins
  11 jackals
  15 kobolds
  3 quokkas (D:4)
  6 ball pythons
  3 frilled lizards
  4 goblin zombies (Ossuary)
  6 hobgoblin zombies
  3 kobold zombies
  4 quokka zombies (Ossuary)
  4 rats
  4 rat zombies (Ossuary)
358 creatures vanquished.

Vanquished Creatures (collateral kills)
  Snorg (D:10)
  2 basilisks (D:8)
  A vampire mosquito (D:10)
  A wolf (D:8)
  An orc (D:8)
6 creatures vanquished.

Grand Total: 364 creatures vanquished

Notes
Turn   | Place    | Note
-------+----------+-------------------------------------------
     0 | D:1      | Kazon the Vampire Fighter began the quest for the Orb.
     0 | D:1      | Reached XP level 1. HP: 17/17 MP: 1/1
    52 | D:1      | Identified a scroll of acquirement
    52 | D:1      | Acquired the +11 plutonium sword {Contam Stlth-}
    52 | D:1      | Found the +11 plutonium sword {Contam Stlth-}
    91 | D:1      | Reached XP level 2. HP: 23/23 MP: 2/2
   408 | D:1      | Gained mutation: You are afflicted with vampirism and can
                  | become a bat while bloodless. [Vampire growth]
   408 | D:1      | Reached XP level 3. HP: 28/28 MP: 3/3
   810 | D:2      | Reached skill level 1 in Long Blades
  1013 | D:2      | Reached XP level 4. HP: 30/35 MP: 4/4
  1322 | D:2      | Reached skill level 1 in Axes
  1489 | D:3      | Found a blossoming altar of Fedhas.
  1543 | D:3      | Reached skill level 2 in Long Blades
  1617 | D:3      | Found a stormy altar of Qazlal.
  1750 | D:3      | Identified the +2 sling "Qeuhanocyt" {speed, rElec Str-3
                  | Dex+2}
  1828 | D:3      | Found a faded altar of an unknown god.
  1880 | D:4      | Found a staircase to the Ecumenical Temple.
  1888 | Temple   | Entered the Ecumenical Temple
  1904 | Temple   | Became a worshipper of Makhleb the Destroyer
  1991 | D:4      | Noticed a black bear
  2003 | D:4      | Killed a black bear
  2004 | D:4      | Reached skill level 1 in Throwing
  2004 | D:4      | Reached XP level 5. HP: 28/41 MP: 5/5
  2008 | D:4      | Found a hazy altar of Hepliaklqana.
  2009 | D:4      | Found a shadowy altar of Dithmenos.
  2009 | D:4      | Noticed a shadow
  2057 | D:4      | Noticed Sigmund
  2060 | D:4      | Killed Sigmund
  2061 | D:4      | Reached skill level 3 in Long Blades
  2061 | D:4      | Reached skill level 1 in Invocations
  2061 | D:4      | Reached XP level 6. HP: 41/47 MP: 6/6
  2477 | D:4      | Reached skill level 1 in Evocations
  2477 | D:4      | Reached XP level 7. HP: 51/52 MP: 8/8
  2665 | D:5      | Entered Level 5 of the Dungeon
  2831 | D:5      | Reached * piety under Makhleb
  2832 | D:5      | Reached skill level 4 in Long Blades
  2844 | D:5      | Reached skill level 1 in Stealth
  3082 | D:6      | Noticed Dowan
  3084 | D:6      | Noticed Duvessa
  3094 | D:6      | Killed Duvessa
  3095 | D:6      | Reached XP level 8. HP: 39/48 MP: 10/10
  3097 | D:6      | Killed Dowan
  3225 | D:6      | Reached skill level 5 in Long Blades
  3232 | D:6      | Found a shimmering altar of Xom.
  3428 | D:6      | Reached ** piety under Makhleb
  3474 | D:7      | Found a sand-covered staircase.
  3484 | Ossuary  | Entered an ossuary
  3711 | Ossuary  | Reached skill level 6 in Long Blades
  3809 | Ossuary  | Reached XP level 9. HP: 52/52 MP: 12/12
  3823 | Ossuary  | Reached *** piety under Makhleb
  3909 | D:7      | Reached skill level 1 in Dodging
  4074 | D:7      | Noticed a two-headed ogre
  4078 | D:7      | Killed a two-headed ogre
  4079 | D:7      | Reached skill level 7 in Long Blades
  4348 | D:7      | Reached **** piety under Makhleb
  4483 | D:7      | Reached skill level 5 in Invocations
  4483 | D:7      | Reached XP level 10. HP: 53/58 MP: 13/13
  4857 | D:8      | Reached skill level 8 in Long Blades
  4857 | D:8      | Found a staircase to the Lair.
  4876 | D:8      | Reached skill level 5 in Axes
  5047 | D:8      | Found Izo Qiri's Assorted Antiques.
  5057 | D:8      | Bought a scroll labelled JIYFIZX FOFUA for 29 gold pieces
  5057 | D:8      | Bought a sedimented brown potion for 26 gold pieces
  5057 | D:8      | Bought a curved iron wand for 116 gold pieces
  5189 | D:8      | Reached skill level 5 in Evocations
  5297 | D:8      | Reached ***** piety under Makhleb
  5589 | D:8      | Reached skill level 5 in Fighting
  6172 | D:9      | Reached skill level 9 in Long Blades
  6172 | D:9      | Reached XP level 11. HP: 63/63 MP: 15/15
  6398 | D:9      | Noticed Maurice
  6415 | D:9      | Maurice changed into Maurice the basilisk
  6415 | D:9      | Noticed Maurice
  6419 | D:9      | Killed Maurice the basilisk
  6612 | D:10     | Entered Level 10 of the Dungeon
  6619 | D:10     | Noticed a two-headed ogre
  6627 | D:10     | Killed a two-headed ogre
  6924 | D:10     | Noticed Snorg
  6930 | D:10     | HP: 1/64 [Snorg (6)]
  6932 | D:10     | Killed Snorg
  6942 | D:10     | Found a shimmering blue altar of Sif Muna.
  7241 | D:10     | Reached skill level 5 in Throwing
  7327 | Lair:1   | Entered Level 1 of the Lair of Beasts
  7541 | Lair:1   | Reached skill level 10 in Long Blades
  7806 | Lair:1   | Reached XP level 12. HP: 44/70 MP: 14/17
  7990 | Lair:2   | Noticed Amaemon
  7993 | Lair:2   | Paralysed by Amaemon for 3 turns
  8008 | Lair:2   | Killed Amaemon
  8046 | Lair:2   | Noticed a five-headed hydra
  8059 | Lair:2   | Killed a seven-headed hydra
  8104 | Lair:2   | Reached skill level 11 in Long Blades
  8191 | Lair:2   | Noticed a death yak
  8208 | Lair:2   | Killed a death yak
  8209 | Lair:2   | Reached skill level 5 in Stealth
  8442 | Lair:2   | Found an ornate altar of the Wu Jian Council.
  8801 | Lair:2   | Noticed a death yak
  8803 | Lair:2   | Noticed a death yak
  8823 | Lair:2   | HP: 2/71 [death yak (17)]
  8825 | Lair:2   | Mangled by a death yak

Illustrated notes

Levels and vault maps discovered:
D:1:      ebering_trefoil_3fold, layout_basic, st_stairs_14, serial_bayou_ford_a
D:2:      layout_basic, hangedman_decor_growths, minmay_close_crescents
D:3:      layout_rooms, mainiacjoe_overflow_concentric_impassable,
          mainiacjoe_overflow_paths, shapermc_ecumenical_altar_acropolis,
          chequers_serial_rivers_micro_b
D:4:      layout_basic, riverfiend_overflow_shadow_ancestor,
          minmay_temple_entry_glass, uniq_sigmund
D:5:      layout_gridville
D:6:      layout_basic, xom_teletrap_fun, uniq_duvessa
D:7:      layout_loops_ring, enter_ossuary_3, roderic_batcave
D:8:      layout_layer_cave, minmay_lair_entry_grove, serial_shops,
          nicolae_lakefront_shop, serial_ice, serial_ice_o, serial_ice_d,
          serial_ice_k, serial_ice_a
D:9:      layout_loops_ring, nicolae_wwwww, uniq_maurice
D:10:     layout_irregular_city, led_sif_pool, uniq_snorg
Temple:   nicolae_temple_elliptical
Lair:1:   layout_big_grid, serial_bayou_pond_a
Lair:2:   layout_gridlike, basic_altar, uniq_amaemon

Skill      XL: |  1  2  3  4  5  6  7  8  9 10 11 12 |
---------------+-------------------------------------+-----
Shields        | 3 |  3.3
Fighting       | 3 4 5 6 |  6.4
Long Blades    | 1 2 3 4 6 7 9 10 11 | 11.1
Axes           | 1 2 3 4 5 |  5.5
Throwing       | 1 2 3 4 5 |  5.8
Armour         | 3 4 |  4.4
Invocations    | 1 2 4 5 7 |  7.9
Evocations     | 1 2 3 4 5 6 7 |  7.1
Stealth        | 1 2 3 4 5 |  5.0
Dodging        | 2 3 4 |  4.7
Short Blades   | |  2.4

Action                     |  1- 3 |  4- 6 |  7- 9 | 10-12 || total
---------------------------+-------+-------+-------+-------++-------
  Melee: Rapier            |    25 |       |       |       ||    25
         Triple sword      |    68 |    69 |   220 |   316 ||   673
         Bite              |     8 |     4 |    13 |    53 ||    78
         War axe           |       |       |       |    64 ||    64
         Demon whip        |       |       |       |     8 ||     8
  Throw: Stone             |       |     6 |    40 |    34 ||    80
         Dart              |       |     3 |     3 |    72 ||    78
         Boomerang         |       |       |    43 |   100 ||   143
         Javelin           |       |       |       |     3 ||     3
 Invoke: Lesser Servant of |       |       |       |     3 ||     3
Ability: Exsanguinate      |       |       |     1 |       ||     1
  Evoke: Wand              |       |       |       |     1 ||     1
    Use: Scroll            |     1 |       |       |     8 ||     9
         Potion            |     1 |       |       |     2 ||     3
   Stab: Sleeping          |       |       |    11 |    12 ||    23
         Distracted        |       |       |       |     1 ||     1
         Paralysed         |       |       |       |     2 ||     2
 Armour: Scale mail        |    56 |    39 |    82 |    32 ||   209
         Steam dragon scal |       |       |       |   105 ||   105
  Dodge: Dodged            |    50 |    37 |   106 |   373 ||   566
  Block: Buckler           |     8 |       |       |       ||     8
         Tower shield      |       |       |       |   101 ||   101
